[Event "Betsys MČR v online bleskovém šachu 2021"]
[Site "Chess.com"]
[Date "2021.04.17"]
[Round "4"]
[White "bumurubac"]
[Black "handlovskyjachym"]
[Result "0-1"]
[WhiteElo "1012"]
[BlackElo "1364"]
[TimeControl "180+1"]
[EndTime "9:33:14 PDT"]
[Termination "Uživatel handlovskyjachym zvítězil po vzdání soupeře"]

1. e3 c5 2. Bc4 d6 3. Qh5 e6 4.
Nf3 Nf6 5. Qh3 g6 6. Bb5+ Bd7 7.
Bxd7+ Nbxd7 8. Ng5 Nd5 9. Qf3 Qxg5 10. Nc3 Nxc3 11. dxc3 d5 12. e4 dxe4 13. Bxg5 exf3 14. gxf3 Bg7 15. O-O-O Nf6 16. Bxf6 Bxf6 17. Rd3 O-O 18. Rhd1 Rad8 19. Rxd8 Rxd8 20. Rxd8+ Bxd8 21. b4 cxb4 22. cxb4 Bb6 23. a4 Bxf2 24. b5 Bg1 25. a5 Bxh2 26. b6 axb6 27. axb6 Bg1 28. Kd1 Bxb6 29. c3 h5 30. Kd2 h4 31. f4 h3 32. c4 h2 33.
c5 h1=Q 34. c6 bxc6 0-1

[Event "Betsys MČR v online bleskovém šachu 2021"]
[Site "Chess.com"]
[Date "2021.04.17"]
[Round "4"]
[White "MiroslavBucek"]
[Black "jsulc"]
[Result "0-1"]
[WhiteElo "1622"]
[BlackElo "2084"]
[TimeControl "180+1"]
[EndTime "9:33:17 PDT"]
[Termination "Uživatel jsulc zvítězil matem"]

1. e4 e5 2. Nf3 Nc6 3. Bb5 Bc5 4. O-O Nge7 5. c3 Bb6 6. d4 exd4 7. cxd4 d5 8. e5 Bg4 9. Bg5 O-O 10. Bxc6 bxc6 11. h3 Bxf3 12. gxf3 Qd7 13. Kh2 Nf5 14. Be3 Rae8 15. Rg1 f6 16. f4 fxe5 17. fxe5 Nxe3 18. fxe3 Rf2+ 19. Rg2 Ref8 20. Qg1 R8f3 21. Rxf2 Qxh3# 0-1

[Event "Betsys MČR v online bleskovém šachu 2021"]
[Site "Chess.com"]
[Date "2021.04.17"]
[Round "4"]
[White "l_pavlasek"]
[Black "Akdub"]
[Result "0-1"]
[WhiteElo "1677"]
[BlackElo "2096"]
[TimeControl "180+1"]
[EndTime "9:33:28 PDT"]
[Termination "Uživatel Akdub zvítězil po vzdání soupeře"]

1. e4 e6 2. Nf3 d5 3. exd5 exd5 4.
d4 Bd6 5. Bd3 Ne7 6. O-O Nd7 7. c3 O-O 8. Qc2 h6 9. Be3 Re8 10. Qd2 Nf8 11. Bxh6 gxh6 12. Qxh6 Neg6 13. Ng5 Qf6 14. Nd2 Qg7 15. Qh5 Nf4 16. Qh7+ Nxh7 17. Bxh7+ Kh8 18. h4 f6 0-1

[Event "Betsys MČR v online bleskovém šachu 2021"]
[Site "Chess.com"]
[Date "2021.04.17"]
[Round "4"]
[White "pudltomik"]
[Black "ritchi12"]
[Result "0-1"]
[WhiteElo "760"]
[BlackElo "1157"]
[TimeControl "180+1"]
[EndTime "9:33:37 PDT"]
[Termination "Uživatel ritchi12 zvítězil matem"]

1. e4 e5 2. Nf3 Nc6 3. Nc3 Nf6 4. Bc4 Nd4 5. Nxd4 exd4 6. Nd5 Nxd5 7. Bxd5 c6 8. Bc4 d5 9. exd5 cxd5 10. Bb5+ Bd7 11.
Bd3 Be7 12. O-O O-O 13. c3 dxc3 14. dxc3 Bg5 15. Bxg5 Qxg5 16. g3 Bh3 17. Re1 Bg4 18.
Be2 Bxe2 19. Rxe2 Rae8 20. Rxe8 Rxe8 21. Qd2 Qxd2 22. Rf1 Re1 23. h4 Rxf1+ 24. Kxf1 Qd1+ 25. Kg2 f5 26. Kh3 Kf7 27. g4 fxg4+ 28. Kg3 Qf3+ 29. Kh2 Qh3+ 30. Kg1 Qxh4 31. Kf1 Qh1+ 32. Ke2 Kf6 33.
b4 Kf5 34. a4 Kf4 35. Kd3 Qe4+ 36. Kd2 Kf3 37. Kc1 Kxf2 38. Kb2 g3 39. Kb3 g2 40. b5 Qc4+ 41. Ka3 Qxc3+ 42. Ka2 g1=Q 43. a5 Qga1# 0-1

[Event "Betsys MČR v online bleskovém šachu 2021"]
[Site "Chess.com"]
[Date "2021.04.17"]
[Round "4"]
[White "Lukuluss88"]
[Black "marosino"]
[Result "1-0"]
[WhiteElo "2001"]
[BlackElo "1585"]
[TimeControl "180+1"]
[EndTime "9:33:49 PDT"]
[Termination "Uživatel Lukuluss88 zvítězil po vzdání soupeře"]

1. c4 c5 2. Nc3 Nc6 3. g3 g6 4.
Bg2 Bg7 5. e4 Nb4 6. d3 e6 7. a3 Nc6 8. Be3 d6 9. Nge2 Nge7 10.
O-O O-O 11. Rb1 Rb8 12. b4 cxb4 13. axb4 b6 14. f4 Bb7 15. d4 e5 16. fxe5 dxe5 17. d5 Nd4 18. Nxd4 exd4 19. Bxd4 Qc7 20. Bxg7 Kxg7 21.
Qd4+ Kg8 22. c5 bxc5 23. bxc5 Qa5 24. Rb5 Qd8 25. Rfb1 Ba6 26. Rxb8 Qxb8 27. Rxb8 Rxb8 28. c6 Rd8 29. e5 Nxc6 30. Qa4 Nb8 31. d6 Rc8 32.
Nd5 Rc1+ 33. Kf2 Rc2+ 34. Qxc2 1-0

[Event "Betsys MČR v online bleskovém šachu 2021"]
[Site "Chess.com"]
[Date "2021.04.17"]
[Round "4"]
[White "Nevimjakhrat"]
[Black "tondapesek"]
[Result "1-0"]
[WhiteElo "1488"]
[BlackElo "1057"]
[TimeControl "180+1"]
[EndTime "9:33:53 PDT"]
[Termination "Uživatel Nevimjakhrat zvítězil po vzdání soupeře"]

1. c4 e5 2. Nc3 c5 3. g3 Nc6 4.
Bg2 Nf6 5. e4 d6 6. Nge2 Be6 7.
d3 h6 8. O-O Be7 9. f4 exf4 10.
Bxf4 O-O 11. Nd5 Bxd5 12. cxd5 Ne5 13. d4 Neg4 14. h3 cxd4 15. hxg4 Nxg4 16. Nxd4 Ne5 17. Nf5 Ng6 18. Be3 Ne5 19. Bd4 Bf6 20. Qb3 b6 21. Qb4 Nd3 22. Bxf6 Nxb4 23. Bxd8 Rfxd8 24. Ne7+ Kf8 25. Nc6 Re8 26. Nxb4 1-0

[Event "Betsys MČR v online bleskovém šachu 2021"]
[Site "Chess.com"]
[Date "2021.04.17"]
[Round "4"]
[White "g4g5g4g5"]
[Black "czechfant94"]
[Result "1-0"]
[WhiteElo "2004"]
[BlackElo "1608"]
[TimeControl "180+1"]
[EndTime "9:33:54 PDT"]
[Termination "Uživatel g4g5g4g5 zvítězil matem"]

1. e4 e5 2. f4 exf4 3. Bc4 g5 4. d4 d6 5. h4 Be6 6. Bxe6 fxe6 7.
Qh5+ Kd7 8. hxg5 Qe7 9. Nf3 Nc6 10. Bxf4 Rd8 11. Nc3 Kc8 12. O-O-O Bg7 13. Be3 d5 14. exd5 exd5 15. Rhe1 Qe8 16. Qxe8 Rxe8 17. Nxd5 Nge7 18. Nf6 Bxf6 19. gxf6 Nd5 20. Bh6 Nxf6 21. Bg7 Rhf8 22. Bxf8 Rxf8 23. Ne5 Nb4 24. a3 Nbd5 25. Rf1 Rg8 26.
c4 Ne3 27. Rxf6 Nxd1 28. Kxd1 Rxg2 29. Rf8# 1-0

[Event "Betsys MČR v online bleskovém šachu 2021"]
[Site "Chess.com"]
[Date "2021.04.17"]
[Round "4"]
[White "Michelangelo111"]
[Black "Miky2610"]
[Result "1-0"]
[WhiteElo "2127"]
[BlackElo "1840"]
[TimeControl "180+1"]
[EndTime "9:33:57 PDT"]
[Termination "Uživatel Michelangelo111 zvítězil po vzdání soupeře"]

1. Nf3 c6 2. g3 d5 3. Bg2 Nf6 4. d4 Bf5 5. O-O e6 6. c4 Be7 7.
Qb3 Qc7 8. Bf4 Bd6 9. Bxd6 Qxd6 10. Qxb7 O-O 11. Qxa8 Qd7 12. Ne5 Qc7 13. cxd5 exd5 14. Rc1 Bd7 15. Nxd7 Nfxd7 16. Na3 Rc8 17. Nb5 Qb6 18. Nxa7 c5 19. Nxc8 1-0

[Event "Betsys MČR v online bleskovém šachu 2021"]
[Site "Chess.com"]
[Date "2021.04.17"]
[Round "4"]
[White "jankrelina07"]
[Black "DrDANDog"]
[Result "1-0"]
[WhiteElo "1548"]
[BlackElo "1763"]
[TimeControl "180+1"]
[EndTime "9:34:03 PDT"]
[Termination "Uživatel jankrelina07 zvítězil po vzdání soupeře"]

1. d4 Nf6 2. Bf4 g6 3. Nf3 Bg7 4. e3 Nh5 5. Bg3 Nxg3 6. hxg3 d5 7. c3 Nc6 8. Bd3 Bg4 9. Nbd2 Qd6 10. Qc2 e5 11. dxe5 Nxe5 12. Nxe5 Qxe5 13. Qa4+ Bd7 14. Qb3 O-O-O 15. Nf3 Qd6 16. O-O-O Qc6 17. Be2 Bg4 18.
Ne5 Bxe5 19. Bxg4+ f5 20. Bf3 Qa6 21. Bxd5 c6 22. Bf3 Rd3 23. a3 Rhd8 24. Rxd3 Qxd3 25. Rd1 Qb5 26. Qe6+ Kc7 27. Qe7+ 1-0

[Event "Betsys MČR v online bleskovém šachu 2021"]
[Site "Chess.com"]
[Date "2021.04.17"]
[Round "4"]
[White "pavelchrz"]
[Black "Sfreedom01"]
[Result "1-0"]
[WhiteElo "1709"]
[BlackElo "1332"]
[TimeControl "180+1"]
[EndTime "9:34:08 PDT"]
[Termination "Uživatel pavelchrz zvítězil po vzdání soupeře"]

1. e4 e5 2. Nf3 d6 3. d4 exd4 4. c3 dxc3 5. Nxc3 Nf6 6. Bc4 Be6 7. Bxe6 fxe6 8. Ng5 Qd7 9. Qb3 d5 10. exd5 Nxd5 11. Qxb7 Nxc3 12. bxc3 Be7 13. Qxa8 O-O 14. O-O Nc6 15. Qb7 Rb8 16. Qa6 Rb6 17. Qe2 Bd6 18.
Qh5 h6 19. Ne4 Be7 20. Bxh6 Qd3 21. Qg6 1-0

[Event "Betsys MČR v online bleskovém šachu 2021"]
[Site "Chess.com"]
[Date "2021.04.17"]
[Round "4"]
[White "Petulak08"]
[Black "AlenaSouralova"]
[Result "1-0"]
[WhiteElo "1240"]
[BlackElo "909"]
[TimeControl "180+1"]
[EndTime "9:34:09 PDT"]
[Termination "Uživatel Petulak08 zvítězil matem"]

1. d4 d5 2. c4 e5 3. dxe5 d4 4.
Nf3 Nc6 5. Bf4 Bf5 6. Na3 Bb4+ 7. Bd2 Nge7 8. Bxb4 Nxb4 9. Nxd4 Qxd4 10. Qxd4 Nc2+ 11. Nxc2 Bxc2 12. e4 Nc6 13. Qe3 O-O-O 14. Be2 h5 15. Rc1 Ba4 16. b3 Bxb3 17. axb3 Nb4 18. O-O Rdg8 19.
Qd2 Nc6 20. Ra1 g5 21. f3 h4 22. h3 g4 23. fxg4 Nxe5 24. Rxa7 Kb8 25. Rfa1 Kc8 26. Ra8# 1-0

[Event "Betsys MČR v online bleskovém šachu 2021"]
[Site "Chess.com"]
[Date "2021.04.17"]
[Round "4"]
[White "Sorcercream"]
[Black "NikolaKusova"]
[Result "0-1"]
[WhiteElo "847"]
[BlackElo "866"]
[TimeControl "180+1"]
[EndTime "9:34:12 PDT"]
[Termination "Uživatel NikolaKusova zvítězil matem"]

1. d4 d5 2. Nf3 Nc6 3. e3 Bf5 4. c4 e6 5. Nc3 Nf6 6. Bd3 Bg6 7. O-O Bd6 8. c5 Bxd3 9. Qxd3 Bxh2+ 10. Nxh2 O-O 11. f4 b6 12. e4 dxe4 13. Nxe4 Nb4 14.
Nxf6+ gxf6 15. Qg3+ Kh8 16. f5 Nc2 17. Bh6 Rg8 18. Qf4 Nxa1 19. Rxa1 Qd5 20. fxe6 Qxg2# 0-1

[Event "Betsys MČR v online bleskovém šachu 2021"]
[Site "Chess.com"]
[Date "2021.04.17"]
[Round "4"]
[White "stripe122"]
[Black "TTCZ"]
[Result "1-0"]
[WhiteElo "1792"]
[BlackElo "1479"]
[TimeControl "180+1"]
[EndTime "9:34:13 PDT"]
[Termination "Uživatel stripe122 zvítězil po vzdání soupeře"]

1. e4 e6 2. d3 d5 3. Nd2 dxe4 4. dxe4 Nc6 5. Ngf3 Bb4 6. c3 Ba5 7. g3 Nf6 8. Bg2 h6 9. O-O O-O 10. Re1 a6 11. Qe2 Bb6 12. Nf1 Ng4 13. Ne3 Nxe3 14. Bxe3 Bxe3 15. Qxe3 Qf6 16. e5 Qe7 17. Nd4 Nxd4 18.
cxd4 Rb8 19. Rac1 c6 20. f4 Bd7 21. Bh3 Qb4 22. b3 Qa3 23. Rc2 Qa5 24. Rf2 Rbc8 25. f5 exf5 26. Bxf5 Bxf5 27. Rxf5 Qxa2 28. Ref1 Rcd8 29.
e6 fxe6 30. Qxe6+ Kh7 31. Rxf8 Rxf8 32. Rxf8 Qxb3 33. Qxb3 1-0

[Event "Betsys MČR v online bleskovém šachu 2021"]
[Site "Chess.com"]
[Date "2021.04.17"]
[Round "4"]
[White "lupinek23"]
[Black "JindrichT_CZE"]
[Result "1-0"]
[WhiteElo "1626"]
[BlackElo "2068"]
[TimeControl "180+1"]
[EndTime "9:34:14 PDT"]
[Termination "Uživatel lupinek23 zvítězil matem"]

1. e4 e5 2. Nf3 Nc6 3. d4 exd4 4.
Bc4 Bc5 5. c3 Nf6 6. cxd4 Bb4+ 7. Nc3 d5 8. exd5 Nxd5 9. Bd2 Nce7 10. O-O O-O 11. Nxd5 Nxd5 12. Bxd5 Bxd2 13. Bxf7+ Rxf7 14. Qxd2 Bg4 15. Ne5 Be6 16. Nxf7 Bxf7 17. Rfe1 Bd5 18. Re5 c6 19. Rae1 Qf6 20. Re8+ Rxe8 21. Rxe8+ Kf7 22. Qe3 Bxa2 23. Rb8 Bd5 24. Qe8# 1-0

[Event "Betsys MČR v online bleskovém šachu 2021"]
[Site "Chess.com"]
[Date "2021.04.17"]
[Round "4"]
[White "Toman_26"]
[Black "Vojta0007"]
[Result "0-1"]
[WhiteElo "1001"]
[BlackElo "1483"]
[TimeControl "180+1"]
[EndTime "9:34:17 PDT"]
[Termination "Uživatel Vojta0007 zvítězil po vzdání soupeře"]

1. e4 c5 2. d3 Nc6 3. Nd2 d6 4. g3 Nf6 5. Bg2 e6 6. f4 Be7 7. Ngf3 O-O 8. O-O b6 9. Re1 Bb7 10. Nf1 d5 11. e5 Nd7 12. h4 f6 13. exf6 Rxf6 14. Bh3 Nf8 15. Bxe6+ Rxe6 16. Rxe6 Nxe6 17.
f5 Nc7 18. Bf4 Bd6 19. Bg5 Qe8 20. Qd2 Qd7 21. f6 g6 22. Re1 Re8 23. Bh6 Rxe1 24. Qxe1 Qe6 25. Qe5 Bxe5 26. Nxe5 Nxe5 27. Bf4 Nb5 28.
Bxe5 0-1

[Event "Betsys MČR v online bleskovém šachu 2021"]
[Site "Chess.com"]
[Date "2021.04.17"]
[Round "4"]
[White "Dasty78"]
[Black "Smetanka674"]
[Result "1-0"]
[WhiteElo "2018"]
[BlackElo "1757"]
[TimeControl "180+1"]
[EndTime "9:34:22 PDT"]
[Termination "Uživatel Dasty78 zvítězil po vzdání soupeře"]

1. e4 e6 2. d4 d5 3. Nc3 dxe4 4. Nxe4 Nd7 5. Bd3 Ngf6 6. Qe2 Be7 7. Nf3 b6 8. Bf4 Bb7 9. O-O-O Rc8 10. Ne5 O-O 11. g4 c5 12. g5 Nd5 13. Be3 Nxe3 14.
fxe3 cxd4 15. exd4 Bxg5+ 16. Kb1 Bf4 17. Rhg1 Nxe5 18.
dxe5 Bxe5 19. Ng5 Qd4 20. Bxh7+ Kh8 21. Rxd4 Bxd4 22. Qh5 1-0

[Event "Betsys MČR v online bleskovém šachu 2021"]
[Site "Chess.com"]
[Date "2021.04.17"]
[Round "4"]
[White "Z_u_z_i"]
[Black "Listro33"]
[Result "0-1"]
[WhiteElo "1541"]
[BlackElo "1874"]
[TimeControl "180+1"]
[EndTime "9:34:30 PDT"]
[Termination "Uživatel Listro33 zvítězil po vzdání soupeře"]

1. e4 c6 2. d4 d5 3. Nd2 dxe4 4.
Nxe4 Nd7 5. Nf3 Ngf6 6. Ng3 e6 7.
c4 Be7 8. Be2 O-O 9. O-O b6 10.
b3 Bb7 11. Bf4 c5 12. dxc5 Nxc5 13. Ne5 Qxd1 14. Raxd1 Rfd8 15. Bf3 Bxf3 16. Nxf3 Nfe4 17. Nxe4 Nxe4 18. Ne5 Nc3 19. Rxd8+ Rxd8 20. Nc6 Rd7 21. a3 Ne2+ 22. Kh1 Nxf4 23. Ne5 Rd2 24. Nc6 Bxa3 25.
Nxa7 Nd3 26. f3 Nf2+ 27. Kg1 Bc5 28. Ra1 Nd3+ 29. Kf1 Rf2+ 30. Kg1 Ra2+ 0-1

[Event "Betsys MČR v online bleskovém šachu 2021"]
[Site "Chess.com"]
[Date "2021.04.17"]
[Round "4"]
[White "pedroholly22"]
[Black "Dan1612"]
[Result "1-0"]
[WhiteElo "2400"]
[BlackElo "1999"]
[TimeControl "180+1"]
[EndTime "9:34:35 PDT"]
[Termination "Uživatel pedroholly22 zvítězil po vzdání soupeře"]

1. e4 c5 2. Nf3 Nc6 3. Bb5 g6 4. O-O Bg7 5. Re1 a6 6. Bxc6 dxc6 7. h3 e5 8. d3 Ne7 9. Be3 b6 10. Qd2 h6 11. Nc3 Be6 12. Rab1 Qd6 13. a3 a5 14. Na4 Rb8 15. b4 cxb4 16. axb4 axb4 17. Bxb6 O-O 18. Bc5 Qd7 19. Rxb4 Rxb4 20. Bxb4 Re8 21. Nc5 Rf8 22. Nxd7 1-0

[Event "Betsys MČR v online bleskovém šachu 2021"]
[Site "Chess.com"]
[Date "2021.04.17"]
[Round "4"]
[White "horalek"]
[Black "TarantAnk"]
[Result "0-1"]
[WhiteElo "1346"]
[BlackElo "1731"]
[TimeControl "180+1"]
[EndTime "9:34:39 PDT"]
[Termination "Uživatel TarantAnk zvítězil matem"]

1. e4 c5 2. d4 cxd4 3. c3 dxc3 4. Nxc3 Nc6 5. Nf3 d6 6. Bc4 Nf6 7. O-O g6 8. Qe2 Bg7 9. Bg5 O-O 10. Rfd1 Nd7 11. Rac1 h6 12. Bh4 g5 13. Bg3 Nde5 14. a3 Bg4 15. h3 Bxf3 16. gxf3 Nxc4 17. Qxc4 Ne5 18. Bxe5 Bxe5 19. Qe2 Qd7 20. b4 Qxh3 21. f4 Bxf4 22. Qf3 Qxf3 23. Kf1 Bxc1 24. Rxc1 Rac8 25. Ne2 Rxc1+ 26. Nxc1 Qd1+ 27. Kg2 Qxc1 28. Kg3 Qf4+ 29. Kg2 Rc8 30. e5 Rc2 31. exd6 Qxf2+ 32. Kh3 Qg2# 0-1

[Event "Betsys MČR v online bleskovém šachu 2021"]
[Site "Chess.com"]
[Date "2021.04.17"]
[Round "4"]
[White "KdybyNecoTakNic"]
[Black "BetsysBetting"]
[Result "1-0"]
[WhiteElo "2309"]
[BlackElo "1950"]
[TimeControl "180+1"]
[EndTime "9:34:40 PDT"]
[Termination "Uživatel KdybyNecoTakNic zvítězil na čas"]

1. Nf3 d6 2. g3 e5 3. d3 f5 4. Bg2 Nf6 5. O-O Be7 6. e4 O-O 7.
exf5 Bxf5 8. d4 Nc6 9. Nc3 Bg4 10. h3 Bh5 11. g4 Nxg4 12. hxg4 Bxg4 13. dxe5 Kh8 14.
Qd5 Nb4 15. Qe4 Bf5 16. Qxb4 c5 17. Qc4 d5 18. Qe2 1-0

[Event "Betsys MČR v online bleskovém šachu 2021"]
[Site "Chess.com"]
[Date "2021.04.17"]
[Round "4"]
[White "petr812"]
[Black "8_olda_8"]
[Result "1-0"]
[WhiteElo "2115"]
[BlackElo "1796"]
[TimeControl "180+1"]
[EndTime "9:34:40 PDT"]
[Termination "Uživatel petr812 zvítězil po vzdání soupeře"]

1. e4 e6 2. d4 c5 3. Nf3 cxd4 4. Nxd4 a6 5. c4 Qc7 6. Nc3 Nf6 7. Be3 Nc6 8. Be2 Ne5 9. Rc1 Bc5 10. O-O O-O 11.
a3 Ba7 12. b4 Nxc4 13. Bxc4 Qxc4 14. Nd5 Qa2 15. Nxf6+ gxf6 16. Bh6 f5 17. exf5 exf5 18. Nxf5 Qe6 19. Qg4+ 1-0

[Event "Betsys MČR v online bleskovém šachu 2021"]
[Site "Chess.com"]
[Date "2021.04.17"]
[Round "4"]
[White "JindrichT_JR_CZE"]
[Black "FrantisekP"]
[Result "0-1"]
[WhiteElo "1000"]
[BlackElo "1628"]
[TimeControl "180+1"]
[EndTime "9:34:41 PDT"]
[Termination "Uživatel FrantisekP zvítězil po vzdání soupeře"]

1. e4 c5 2. c4 Nc6 3. g3 g6 4. Bg2 Bg7 5. Nc3 d6 6. d3 Nf6 7. Be3 O-O 8. Nge2 a6 9. O-O e5 10. b3 Bd7 11. Nd5 Nxd5 12. exd5 Nd4 13. Bxd4 exd4 14.
Re1 Re8 15. Nf4 Rxe1+ 16. Qxe1 Qe8 17. Qxe8+ Rxe8 18. Kf1 Bh6 19. Re1 Rxe1+ 20. Kxe1 Bxf4 21. gxf4 Bf5 22. Be4 Bh3 23. a3 a5 24. a4 b6 25.
Ke2 Kg7 26. Kf3 f5 27. Kg3 fxe4 28. dxe4 Bf1 29. e5 d3 30. exd6 Kf7 31. Kf3 d2 32. d7 d1=Q+ 0-1

[Event "Betsys MČR v online bleskovém šachu 2021"]
[Site "Chess.com"]
[Date "2021.04.17"]
[Round "4"]
[White "VildaSt"]
[Black "starypomalymuz"]
[Result "0-1"]
[WhiteElo "1319"]
[BlackElo "1772"]
[TimeControl "180+1"]
[EndTime "9:34:41 PDT"]
[Termination "Uživatel starypomalymuz zvítězil po vzdání soupeře"]

1. e4 e6 2. d4 a6 3. Nf3 b5 4. c4 bxc4 5. Bxc4 Bb7 6. Nc3 Nf6 7. O-O Be7 8. Bd3 c5 9. dxc5 Bxc5 10. Qb3 Bc6 11.
Re1 O-O 12. Be3 Bxe3 13. Rxe3 d5 14. exd5 Nxd5 15. Rd1 Qc7 16. Ree1 Nd7 17. Nxd5 Bxd5 18. Qc3 Qxc3 19. bxc3 Rfc8 20. Rc1 Nc5 21. c4 Nxd3 22. cxd5 Rxc1 23. Rxc1 Nxc1 24. dxe6 fxe6 25. Nd4 e5 26.
Nc6 Nxa2 27. g3 a5 28. Nxe5 Nc3 29. Kg2 a4 30. Nc4 a3 31. Nb6 Ra6 32. Nc4 a2 0-1

[Event "Betsys MČR v online bleskovém šachu 2021"]
[Site "Chess.com"]
[Date "2021.04.17"]
[Round "4"]
[White "czlolcz"]
[Black "fm_magua"]
[Result "0-1"]
[WhiteElo "2209"]
[BlackElo "2515"]
[TimeControl "180+1"]
[EndTime "9:34:43 PDT"]
[Termination "Uživatel fm_magua zvítězil po vzdání soupeře"]

1. d4 Nf6 2. c4 g6 3. Nc3 Bg7 4. e4 d6 5. Nf3 O-O 6. h3 e5 7. dxe5 dxe5 8. Qxd8 Rxd8 9. Nd5 Nxd5 10. cxd5 c6 11. Bc4 cxd5 12. Bxd5 h6 13. Be3 Nc6 14. O-O-O Bd7 15. Kb1 Be8 16. a3 Kh7 17. g4 Rac8 18. Rc1 Nd4 19. Bxd4 exd4 20. Bxb7 Rb8 21. Bd5 d3 22. b3 Ba4 23. Ka2 Rxd5 24. bxa4 Rb2+ 25. Ka1 Rxf2+ 26. Kb1 Rd7 0-1

[Event "Betsys MČR v online bleskovém šachu 2021"]
[Site "Chess.com"]
[Date "2021.04.17"]
[Round "4"]
[White "Simaril76"]
[Black "Hroch_Hippo"]
[Result "0-1"]
[WhiteElo "705"]
[BlackElo "1079"]
[TimeControl "180+1"]
[EndTime "9:34:44 PDT"]
[Termination "Uživatel Hroch_Hippo zvítězil po vzdání soupeře"]

1. b3 e5 2. e3 Nf6 3. Bb2 Bd6 4.
Nc3 O-O 5. e4 Nc6 6. Nf3 Bc5 7.
Bb5 a6 8. Bxc6 dxc6 9. O-O Bg4 10. h3 Bxf3 11. Qxf3 b5 12. Rad1 a5 13. a3 a4 14.
b4 Bd4 15. d3 Bxc3 16. Bxc3 Qd6 17. d4 exd4 18. Rxd4 Qe6 19. Rdd1 Rad8 20. Bxf6 Rxd1 21. Rxd1 Qxf6 22. Qxf6 gxf6 23. Rd7 Rc8 24. g4 Kg7 25. Rd6 cxd6 26. Kg2 d5 27. exd5 cxd5 28. Kf3 Rxc2 29. Ke3 Rc3+ 30. Kd4 Rxa3 31. Kxd5 Rb3 32. Kc5 a3 33.
Kxb5 a2 0-1

[Event "Betsys MČR v online bleskovém šachu 2021"]
[Site "Chess.com"]
[Date "2021.04.17"]
[Round "4"]
[White "JonasFadrny"]
[Black "Ami2013"]
[Result "1-0"]
[WhiteElo "759"]
[BlackElo "416"]
[TimeControl "180+1"]
[EndTime "9:34:47 PDT"]
[Termination "Uživatel JonasFadrny zvítězil matem"]

1. e4 e5 2. Nf3 Nc6 3. Nc3 Nf6 4. Bc4 Bc5 5. Ng5 d6 6. Nxf7 Qe7 7. Nxh8 Nd7 8. O-O Qg5 9. d3 Nf6 10. Bxg5 Bg4 11. Qe1 O-O-O 12. Bxf6 gxf6 13. h3 Bh5 14. g4 Bg6 15. Nxg6 hxg6 16. Bd5 Rh8 17. Bxc6 Rxh3 18. Ba4 f5 19. Bb3 g5 20. gxf5 g4 21. Be6+ Kb8 22.
Nd5 g3 23. b4 g2 24. Kxg2 Rh4 25. f6 Rg4+ 26. Bxg4 Bd4 27. Rc1 c6 28. c3 cxd5 29.
cxd4 dxe4 30. Qc3 exd3 31. Qc8# 1-0

[Event "Betsys MČR v online bleskovém šachu 2021"]
[Site "Chess.com"]
[Date "2021.04.17"]
[Round "4"]
[White "milanpetras"]
[Black "RomanHlavicka"]
[Result "1-0"]
[WhiteElo "1832"]
[BlackElo "1513"]
[TimeControl "180+1"]
[EndTime "9:34:49 PDT"]
[Termination "Uživatel milanpetras zvítězil po vzdání soupeře"]

1. e4 c5 2. Nf3 Nc6 3. c3 d6 4. d4 cxd4 5. cxd4 Nf6 6. Nc3 Bd7 7. Be2 e6 8. O-O Be7 9. e5 dxe5 10. dxe5 Ng4 11.
Bf4 O-O 12. h3 Nh6 13. Bxh6 gxh6 14. Rc1 Bg5 15. Nxg5 Qxg5 16. f4 Qg7 17. Ne4 Be8 18. Rc3 Kh8 19. Rg3 Rd8 20. Qe1 Nd4 21. Rxg7 Kxg7 22.
Bf3 Nf5 23. Ng3 Nh4 24. Nh5+ Kh8 25. Qxh4 Rd2 26. Qf6+ 1-0

[Event "Betsys MČR v online bleskovém šachu 2021"]
[Site "Chess.com"]
[Date "2021.04.17"]
[Round "4"]
[White "bezzuton"]
[Black "Evca64"]
[Result "0-1"]
[WhiteElo "1452"]
[BlackElo "2074"]
[TimeControl "180+1"]
[EndTime "9:34:58 PDT"]
[Termination "Uživatel Evca64 zvítězil po vzdání soupeře"]

1. d4 d5 2. Bf4 Nf6 3. e3 c5 4. c3 Nc6 5. Bd3 Qb6 6. dxc5 Qxb2 7. Nd2 Qxc3 8. Rc1 Qxd3 9. Ngf3 Bg4 10. Qa4 Qa6 11. Qb3 e6 12. h3 Bh5 13. g4 Bg6 14.
Nd4 Nxd4 15. exd4 Be7 16. Nf3 Be4 17. g5 Nh5 18. Be5 O-O 19. a4 f6 0-1

[Event "Betsys MČR v online bleskovém šachu 2021"]
[Site "Chess.com"]
[Date "2021.04.17"]
[Round "4"]
[White "vikysachy"]
[Black "Anyna"]
[Result "1-0"]
[WhiteElo "864"]
[BlackElo "809"]
[TimeControl "180+1"]
[EndTime "9:35:02 PDT"]
[Termination "Uživatel vikysachy zvítězil matem"]

1. e4 d5 2. e5 Nc6 3. d4 Bf5 4. Nf3 e6 5. Nc3 Qd7 6. Bd3 Bg6 7. O-O O-O-O 8. a4 Nge7 9. a5 a6 10. Bd2 f6 11. Na4 Bxd3 12. cxd3 fxe5 13. dxe5 g6 14. b4 Bg7 15. b5 axb5 16. Nc5 Qe8 17. a6 bxa6 18. Rxa6 Nb8 19. Ra8 Nc6 20. Qb3 Bxe5 21. Nxe5 Nxe5 22. Qa3 Nc6 23. Qa6# 1-0

[Event "Betsys MČR v online bleskovém šachu 2021"]
[Site "Chess.com"]
[Date "2021.04.17"]
[Round "4"]
[White "alenka777"]
[Black "Tobish"]
[Result "0-1"]
[WhiteElo "1275"]
[BlackElo "1665"]
[TimeControl "180+1"]
[EndTime "9:35:08 PDT"]
[Termination "Uživatel Tobish zvítězil matem"]

1. e4 c5 2. Nc3 Nc6 3. Nf3 d6 4. Bc4 e6 5. d3 Nf6 6. O-O Be7 7.
Ng5 O-O 8. Qf3 a6 9. Qh3 b5 10.
Bb3 d5 11. e5 Nxe5 12. a3 c4 13.
dxc4 dxc4 14. Ba2 h6 15. Nf3 Ng6 16. Bb1 e5 17. Ne2 e4 18. Qg3 exf3 19. Qxf3 Bg4 20. Qe3 Nd5 21. Qd2 Bg5 22. f4 Bxe2 23. Qxe2 Qb6+ 24.
Kh1 Ngxf4 25. Bxf4 Nxf4 26. Qe4 Rfe8 27. Qf5 Qc6 28.
Rf2 Re1+ 29. Rf1 Rxf1# 0-1

[Event "Betsys MČR v online bleskovém šachu 2021"]
[Site "Chess.com"]
[Date "2021.04.17"]
[Round "4"]
[White "matycz07"]
[Black "Michaela1994"]
[Result "0-1"]
[WhiteElo "998"]
[BlackElo "1616"]
[TimeControl "180+1"]
[EndTime "9:35:10 PDT"]
[Termination "Uživatel Michaela1994 zvítězil matem"]

1. e4 e6 2. Nf3 d5 3. exd5 exd5 4. Nc3 c6 5. d4 Bd6 6. Bd3 Ne7 7. O-O Bf5 8. Bxf5 Nxf5 9. Bf4 Bxf4 10. Qd3 Ne7 11. g3 Bd6 12. Ne5 O-O 13. Rae1 Nd7 14. Ng4 Ng6 15. Ne2 Qc7 16. Nf4 Nxf4 17. gxf4 Bxf4 18. Ne5 Nxe5 19. dxe5 Bxe5 20. Kh1 Bxh2 21. Kg2 h6 22. Rh1 Be5 23. Ref1 Rae8 24. f4 Bxf4 25. Rxf4 Qxf4 26. Qf3 Qxf3+ 27. Kxf3 Re4 28. b3 Rfe8 29. Rh2 Re3+ 30. Kf4 R8e4+ 31. Kf5 g6+ 32. Kf6 Rf3# 0-1

[Event "Betsys MČR v online bleskovém šachu 2021"]
[Site "Chess.com"]
[Date "2021.04.17"]
[Round "4"]
[White "kol340"]
[Black "TomasOrnet1"]
[Result "1-0"]
[WhiteElo "1833"]
[BlackElo "1504"]
[TimeControl "180+1"]
[EndTime "9:35:12 PDT"]
[Termination "Uživatel kol340 zvítězil matem"]

1. d4 d5 2. Nf3 Bf5 3. Bf4 e6 4. e3 Bd6 5. Bg3 Bxg3 6. hxg3 Nf6 7. c4 c6 8. Nc3 Ne4 9. Rc1 Qa5 10. Bd3 Nxc3 11.
bxc3 Bxd3 12. Qxd3 Qxa2 13. Rxh7 Rg8 14. cxd5 Qxd5 15. c4 Qf5 16. Qxf5 exf5 17. Ke2 Nd7 18. Rb1 O-O-O 19. c5 Nf6 20. Rhh1 Ne4 21. Rb3 g5 22. Ne5 Rg7 23. Rhb1 f6 24. Nc4 f4 25. gxf4 gxf4 26.
Kf3 Ng5+ 27. Kxf4 Ne6+ 28. Kf3 Ng5+ 29. Ke2 Ne4 30. g3 f5 31. Rh1 Rxg3 32. Rh7 Rg2 33. Rbxb7 Rxf2+ 34. Ke1 Ra2 35. Rhc7# 1-0